 Dungeon Crawl Stone Soup version 0.28-a0-998-gb9e9c7b67e (webtiles) character file.

Game seed: 13130738375411959399

1021 bande the Chopper (level 8, 0/49 HPs)
             Began as a Gargoyle Fighter on Dec 6, 2021.
             Slain by an ogre (5 damage)
             ... on level 5 of the Dungeon.
             The game lasted 00:07:29 (4921 turns).

bande the Chopper (Gargoyle Fighter)                Turns: 4921, Time: 00:07:30

Health: 0/49       AC: 15    Str: 21    XL:     8   Next: 22%
Magic:  8/8        EV:  9    Int: 10    God:
Gold:   185        SH:  5    Dex: 15    Spells: 7/7 levels left

rFire   . . .      SeeInvis .   a - +0 war axe
rCold   . . .      Faith    .   c - +0 buckler
rNeg    + . .      Spirit   .   b - +0 scale mail
rPois   ∞          Reflect  .   f - +1 helmet
rElec   +          Harm     .   (no cloak)
rCorr   .          Rampage  .   (no gloves)
Will    .....                   (no boots)
Stlth   ..........              (no amulet)
HPRegen 0.16/turn               m - +6 ring of dexterity
MPRegen 0.11/turn               (no ring)

@: no status effects
A: sickness immunity, AC +5, negative energy resistance 1, electricity
resistance, torment resistance 1, petrification resistance
a: no special abilities


You were on level 5 of the Dungeon.
You visited 2 branches of the dungeon, and saw 6 of its levels.

You collected 185 gold pieces.

Inventory:

Hand Weapons
 a - a +0 war axe (weapon)
 k - a +0 flail
Armour
 b - a +0 scale mail (worn)
 c - a +0 buckler (worn)
 f - a +1 helmet (worn)
Jewellery
 j - a ring of protection from cold
 m - a +6 ring of dexterity (left hand)
Scrolls
 e - 2 scrolls of amnesia
 g - 3 scrolls of fear
 i - a scroll of enchant armour
Potions
 d - 2 potions of flight
 h - a potion of brilliance
 n - 2 potions of lignification {unknown}


   Skills:
 + Level 5.0 Fighting
 + Level 6.2 Axes
 + Level 5.9 Armour
 + Level 4.8 Shields


You had 7 spell levels left.
You didn't know any spells.
Your spell library contained the following spells:

 Spells                   Type           Power      Damage    Failure   Level
 Apportation              Tloc           0%         N/A       67%         1
 Alistair's Intoxication  Tmut/Pois      0%         N/A       100%        5


Dungeon Overview and Level Annotations

Branches:
Dungeon (5/15)             Temple (1/1) D:4

Altars:
Cheibriados
Dithmenos
Gozag
Kikubaaqudgha
Qazlal
Trog
Vehumet
Wu Jian
Xom
Zin
The Shining One


Innate Abilities, Weirdness & Mutations

You are immune to sickness and miasma.
Your stone body is resilient. (AC +5)
You are immune to poison.
You resist negative energy. (rN+)
You are resistant to electric shocks. (rElec)
You are resistant to unholy torment.
You are immune to petrification.


Message History

You barely miss the lemure. The lemure hits you but does no damage.
Pikel barely misses you.
You hit Pikel.
Pikel is almost dead.
You hit the lemure. The lemure hits you. You block Pikel's attack.
You block the lemure's attack.
You hit Pikel but do no damage.
Pikel is almost dead.
You hit the lemure but do no damage.
Pikel hits you with a +1 whip of freezing.
Pikel freezes you. The lemure hits you. Pikel hits you but does no damage.
You hit Pikel but do no damage.
Pikel is almost dead.
You closely miss the lemure. The lemure hits you but does no damage.
Pikel hits you but does no damage.
You closely miss Pikel.
Pikel is almost dead.
You slash the lemure! The lemure hits you but does no damage.
Pikel closely misses you. The lemure hits you but does no damage.
You hit Pikel.
You kill Pikel!
You hit the lemure but do no damage.
With Pikel's spell broken, his former minions thank you for their freedom.
The lemure departs this earthly plane. x3
Your Fighting skill increases to level 5!
Your Axes skill increases to level 6!
You have reached level 8!
You feel clever.
You hit the ogre.
The ogre is moderately wounded.
The ogre hits you with a +0 giant spiked club!
You hit the ogre.
The ogre is moderately wounded.
The ogre hits you with a +0 giant spiked club!
* * * LOW HITPOINT WARNING * * *
Unknown command.
You hit the ogre.
The ogre is moderately wounded.
The ogre hits you with a +0 giant spiked club.
You die...

#......#
.##......######.######
.....................#
.K..5......####.####.#
5.....$....## #.#
#.#.#.# #.####.#
#§§...# #......#
#O#.#.#######..####
##@.§#.............
##.§#.######.....#
#.............#..
#.#####....######>....#
...................####
#.#####....#########
............
######..###.. #..#


You could see an ogre.

Vanquished Creatures
  Pikel (D:5)
  A centaur (D:4)
  A phantom (D:3)
  A water moccasin skeleton (D:5)
  A howler monkey (D:4)
  A gnoll shaman (D:3)
  2 hounds (D:5)
  An orc priest (Temple)
  Ijyb (D:4)
  An orc wizard (Temple)
  A hound skeleton (D:4)
  5 adders
  5 gnolls
  An adder skeleton (D:4)
  A worm (D:2)
  2 dart slugs
  6 orcs
  9 endoplasms
  3 giant cockroaches
  5 goblins
  8 hobgoblins
  A quokka (D:2)
  3 ball pythons
  4 bats
  3 frilled lizards
  6 kobolds
  6 rats
80 creatures vanquished.

Notes
Turn   | Place    | Note
-------+----------+-------------------------------------------
     0 | D:1      | bande the Gargoyle Fighter began the quest for the Orb.
     0 | D:1      | Reached XP level 1. HP: 14/14 MP: 1/1
   150 | D:1      | Reached XP level 2. HP: 19/19 MP: 2/2
   270 | D:1      | Found a faded altar of an unknown god.
   778 | D:1      | Reached XP level 3. HP: 23/23 MP: 3/3
   783 | D:1      | Reached skill level 2 in Axes
  1425 | D:2      | Reached XP level 4. HP: 29/29 MP: 4/4
  2230 | D:4      | Noticed a phantom
  2251 | D:3      | Killed a phantom
  2252 | D:3      | Reached skill level 3 in Axes
  2252 | D:3      | Reached XP level 5. HP: 26/33 MP: 5/5
  2972 | D:4      | Reached XP level 6. HP: 38/38 MP: 6/6
  3075 | D:4      | Found a shadowy altar of Dithmenos.
  3088 | D:4      | Noticed Ijyb
  3102 | D:4      | Killed Ijyb
  3103 | D:4      | Reached skill level 4 in Axes
  3578 | D:4      | Found a staircase to the Ecumenical Temple.
  3590 | Temple   | Entered the Ecumenical Temple
  4013 | D:4      | Found a stormy altar of Qazlal.
  4136 | D:4      | Reached skill level 5 in Armour
  4136 | D:4      | Reached XP level 7. HP: 32/44 MP: 7/7
  4460 | D:5      | Entered Level 5 of the Dungeon
  4487 | D:5      | Reached skill level 5 in Axes
  4891 | D:5      | Noticed Pikel
  4918 | D:5      | Killed Pikel
  4919 | D:5      | Reached skill level 5 in Fighting
  4919 | D:5      | Reached skill level 6 in Axes
  4919 | D:5      | Reached XP level 8. HP: 29/49 MP: 8/8
  4921 | D:5      | Slain by an ogre

Illustrated notes

Levels and vault maps discovered:
D:1:      dpeg_arrival_ternary, layout_basic,
          hellmonk_ecumenical_altar_slurped_away, minmay_tromino_v4_b
D:2:      layout_basic, minmay_misc_feat_alley
D:3:      layout_basic
D:4:      layout_cave_pods, grunt_dithmenos_smoke,
          mainiacjoe_overflow_boulevard, minmay_temple_entry_junction, uniq_ijyb
D:5:      layout_loops_ring, uniq_pikel
Temple:   nicolae_temple_figure_zero

Skill      XL: |  1  2  3  4  5  6  7 |
---------------+----------------------+-----
Axes           | 2 3 4 6 |  6.2
Armour         | 4 5 |  5.9
Shields        | 4 |  4.8
Fighting       | 4 5 |  5.0

Action                   |  1- 3 |  4- 6 |  7- 9 || total
-------------------------+-------+-------+-------++-------
Melee: War axe           |    83 |   143 |    48 ||   274
  Use: Scroll            |     3 |     4 |     1 ||     8
       Potion            |       |     1 |       ||     1
Armor: Scale mail        |    42 |   103 |    18 ||   163
Dodge: Dodged            |    38 |    79 |    22 ||   139
Block: Buckler           |    18 |    37 |    10 ||    65

Table legend: (Time is in decaauts)
 A = Elapsed time spent in this place.
 B = Non-inter-level travel time spent in this place.
 C = Inter-level travel time spent in this place.
 D = Time resting spent in this place.
 E = Time spent auto-exploring this place.
 F = Levels seen in this place.
 G = Mean time per level.
                   A        B        C        D        E       F      G
               +--------+--------+--------+--------+--------+-----+--------+
         Total |   5025 |   5025 |      0 |   1413 |   2722 |   6 |  837.5 |
       Dungeon |   4803 |   4803 |      0 |   1342 |   2609 |   5 |  960.6 |
        Temple |    222 |    222 |      0 |     71 |    113 |   1 |  222.0 |
               +--------+--------+--------+--------+--------+-----+--------+

Top non-repeatable levels by time:
     D:4: 1359 daAuts
     D:3: 1207 daAuts
     D:1: 915 daAuts
     D:2: 848 daAuts
     D:5: 472 daAuts
  Temple: 222 daAuts
